WCHLSIM.com - West Coast Hockey League
html PUBLIC "-//W3C//DTD XHTML 1.0 Transitional//EN" "http://www.w3.org/TR/xhtml1/DTD/xhtml1-transitional.dtd"> WCHL - Game 421 - UTAH ICE BEARS vs PHOENIX MUSTANGS

UTAH ICE BEARS vs PHOENIX MUSTANGS

Created - 12 janvier 2021 at 23:12

Goals
1 2 3 T
UTAH ICE BEARS 1 0 1 2
PHOENIX MUSTANGS 1 0 2 3
Shots
1 2 3 T
UTAH ICE BEARS 7 8 4 19
PHOENIX MUSTANGS 15 18 9 42

1st period

1. PHOENIX MUSTANGS , Christian Dvorak 6 (Alexander Steen 4, Jordan Greenway 8) at 1:01
2. UTAH ICE BEARS , Andrew Mangiapane 2 (Erik Gudbranson 5, Alex Galchenyuk 7) at 19:02

Penalties :
T.J. Brodie (UTA) for Interference (Minor) at 9:18

2nd period

No Goal

Penalties :
Drew Doughty (PHX) for Roughing (Minor) at 9:18, Valentin Zykov (UTA) for Hooking (Minor) at 9:18, T.J. Brodie (UTA) for Tripping (Minor) at 13:47

3rd period

3. UTAH ICE BEARS , Valentin Zykov 1 (Andrew Mangiapane 8, Alex Galchenyuk 8) at 2:00 (PP)
4. PHOENIX MUSTANGS , Dennis Cholowski 2 (T.J. Oshie 8, Teuvo Teravainen 11) at 8:28
5. PHOENIX MUSTANGS , Jordan Greenway 5 (Christian Dvorak 11) at 17:51

Penalties :
Joshua Jacobs (PHX) for Holding Stick (Minor) at 0:29, Jonas Brodin (PHX) for Tripping (Minor) at 2:22, Dennis Cholowski (PHX) for Roughing (Minor) at 5:15, Robert Lantosi (UTA) for Tripping (Minor) at 15:37, Valentin Zykov (UTA) for Hooking (Minor) at 18:22

Goalie Stats

Devan Dubnyk (UTA), 39 saves from 42 shots - (0,929), L, 5-10-1, 60:00 minutes
Corey Crawford (PHX), 17 saves from 19 shots - (0,895), W, 8-8-0, 60:00 minutes

Players Stats for UTAH ICE BEARS

Player Name              G  A  P  +/- PIM S  H  SB GA TA FO     MP     PP MP  PK MP  
------------------------------------------------------------------------------------
Alex Galchenyuk          0  2  2   0  0   2  0  0  0  0  14/35  20:25   2:39   3:56 
Alexander Edler          0  0  0  -1  0   0  2  2  0  0  0/0    16:18   0:00   3:46 
Andrew Mangiapane        1  1  2   0  0   7  1  1  0  0  0/3    20:04   2:57   3:17 
Andrew Peeke             0  0  0   1  0   0  0  0  0  0  0/0    16:32   2:13   2:21 
Artem Anisimov           0  0  0  -1  0   3  0  0  0  0  9/20   16:03   0:18   0:32 
Blake Lizotte            0  0  0  -1  0   0  0  0  0  0  7/15   20:26   2:32   0:00 
Erik Gudbranson          0  1  1   1  0   1  0  1  0  0  0/0    12:37   0:00   1:38 
MacKenzie Weegar         0  0  0  -1  0   0  4  3  0  0  0/0    23:32   3:16   3:09 
Nathan Walker            0  0  0   0  0   0  0  0  0  0  0/0     0:05   0:00   0:00 
Nicholas Paul            0  0  0  -1  0   3  0  0  0  0  1/1    22:10   2:32   4:17 
Radim Simek              0  0  0  -2  0   0  2  1  0  0  0/0    20:43   2:13   0:26 
Robert Lantosi           0  0  0  -1  2   0  1  0  0  0  0/0    16:59   0:18   0:00 
Ross Colton              0  0  0   0  0   0  0  0  0  0  0/0     0:00   0:00   0:00 
T.J. Brodie              0  0  0  -1  4   1  1  2  0  0  0/0    21:34   3:16   1:13 
Troy Stecher             0  0  0  -1  0   0  1  2  0  0  0/0     8:42   0:00   2:35 
Valentin Zykov           1  0  1   0  4   1  0  0  0  0  1/3    15:19   2:39   0:00 
Vladimir Sobotka         0  0  0  -1  0   0  3  0  0  0  2/3    17:57   0:00   0:16 
Zachary Sanford          0  0  0  -1  0   1  1  0  0  0  1/2    20:56   2:32   2:50 

Players Stats for PHOENIX MUSTANGS

Player Name              G  A  P  +/- PIM S  H  SB GA TA FO     MP     PP MP  PK MP  
------------------------------------------------------------------------------------
Alexander Steen          0  1  1   2  0   7  0  1  0  0  0/1    12:31   0:00   0:00 
Andrew Copp              0  0  0   0  0   6  0  0  0  0  13/26  21:33   3:18   2:01 
Chris Terry              0  0  0   0  0   0  0  0  0  0  0/1     3:34   0:00   0:00 
Christian Dvorak         1  1  2   2  0   6  0  0  0  0  15/18  12:31   0:00   0:00 
Clayton Keller           0  0  0   0  0   8  0  0  0  0  0/0    17:53   4:16   0:00 
David Backes             0  0  0   0  0   0  1  0  0  0  3/4     3:34   0:00   0:00 
Dennis Cholowski         1  0  1   1  2   1  0  0  0  0  0/0    21:18   4:16   1:37 
Drew Doughty             0  0  0  -1  2   0  2  0  0  0  0/0    25:07   3:18   2:47 
Fredrik Claesson         0  0  0   2  0   0  1  0  0  0  0/0    12:16   0:00   0:00 
Jay Bouwmeester          0  0  0   1  0   1  3  1  0  0  0/0    22:36   4:16   2:54 
Jesper Fast              0  0  0   0  0   2  3  0  0  0  0/1    17:53   4:16   0:00 
Jonas Brodin             0  0  0  -1  2   0  0  1  0  0  0/0    25:08   3:18   1:38 
Jordan Greenway          1  1  2   2  0   1  0  0  0  0  0/0    12:31   0:00   0:00 
Joshua Jacobs            0  0  0   2  2   0  2  0  0  0  0/0    13:31   0:00   2:02 
Kevin Hayes              0  0  0   0  0   3  1  0  0  0  13/23  20:52   4:16   2:01 
Nicholas Shore           0  0  0   0  0   0  0  0  0  0  0/0     0:00   0:00   0:00 
T.J. Oshie               0  1  1   0  0   4  1  0  0  0  0/1    23:03   3:18   3:28 
Teuvo Teravainen         0  1  1   0  0   3  1  0  0  0  3/7    26:37   3:18   3:28 

3 Stars

1 - Christian Dvorak (PHX)
2 - Jordan Greenway (PHX)
3 - Andrew Mangiapane (UTA)

Power Play

UTAH ICE BEARS - 1 on 3 Attempt(s) - 33,33%
PHOENIX MUSTANGS - 0 on 4 Attempt(s) - 0,00%

Penalty Kill

UTAH ICE BEARS - 4 on 4 Attempt(s) - 100,00% - Score 0 goal in Penalty Kill
PHOENIX MUSTANGS - 2 on 3 Attempt(s) - 66,67% - Score 0 goal in Penalty Kill

Team Stat

UTAH ICE BEARS - Hits : 16 - Faceoff Wins : 35 - Blocked Shots : 12 - Penalty Minutes : 10
PHOENIX MUSTANGS - Hits : 15 - Faceoff Wins : 47 - Blocked Shots : 3 - Penalty Minutes : 8

Official

Referees : Kevin Pollock and Shaun Davis
Linesman : Travis Toomey and Derek Nansen

Game Notes

Vladimir Sobotka is injured at 18:24 of 3rd period (Strained Left Knee)

Finance

Level 1 -- Attendance: 6500 (100,00%) -- Ticket Income 942 500 $
Level 2 -- Attendance: 5850 (100,00%) -- Ticket Income 409 500 $
Level 3 -- Attendance: 3000 (100,00%) -- Ticket Income 135 000 $
Level 4 -- Attendance: 5000 (100,00%) -- Ticket Income 175 000 $
Luxury Box -- Attendance: 1000 (100,00%) -- Ticket Income 250 000 $
Game was played at the Mustangs Palace.
Total Attendance: 21350 (100,00%)
Total Ticket Income: 1 912 000 $
Other Expense: 19 120 $
Total Income: 1 892 880 $

UTAH ICE BEARS

5 vs 5 Forward 
   Center                   Left Wing                Right Wing               Time % Phy DF OF 
 1 Artem Anisimov           Nicholas Paul            Zachary Sanford          36     0   3  2  
 2 Alex Galchenyuk          Andrew Mangiapane        Valentin Zykov           31     0   3  2  
 3 Blake Lizotte            Vladimir Sobotka         Robert Lantosi           23     2   3  0  
 4 Alex Galchenyuk          Andrew Mangiapane        Zachary Sanford          10     1   2  2  

5 vs 5 Defense 
   Defense                  Defense                                           Time % Phy DF OF 
 1 Alexander Edler          Radim Simek                                       36     0   4  1  
 2 T.J. Brodie              MacKenzie Weegar                                  31     0   4  1  
 3 Radim Simek              Troy Stecher                                      23     1   4  0  
 4 Erik Gudbranson          Andrew Peeke                                      10     1   3  1  

PowerPlay Forward 
   Center                   Left Wing                Right Wing               Time % Phy DF OF 
 1 Blake Lizotte            Nicholas Paul            Zachary Sanford          55     0   1  4  
 2 Alex Galchenyuk          Andrew Mangiapane        Valentin Zykov           45     0   1  4  

PowerPlay Defense
   Defense                  Defense                                           Time % Phy DF OF 
 1 Radim Simek              Andrew Peeke                                      55     0   2  3  
 2 T.J. Brodie              MacKenzie Weegar                                  45     0   2  3  

Penalty Kill 4 Players Forward 
   Center                   Wing                     Time % Phy DF OF 
 1 Alex Galchenyuk          Nicholas Paul            55     1   4  0  
 2 Andrew Mangiapane        Zachary Sanford          45     1   4  0  

Penalty Kill 4 Players Defense
   Defense                  Defense                  Time % Phy DF OF 
 1 Alexander Edler          Andrew Peeke             55     1   3  1  
 2 T.J. Brodie              MacKenzie Weegar         45     1   3  1  

Penalty Kill - 3 Players Forward 
   Forward                                           Time % Phy DF OF 
 1 Zachary Sanford                                   55     1   4  0  
 2 Nicholas Paul                                     45     1   4  0  

Penalty Kill - 3 Players Defense
   Defense                  Defense                  Time % Phy DF OF 
 1 Troy Stecher             Andrew Peeke             55     1   3  1  
 2 T.J. Brodie              MacKenzie Weegar         45     1   3  1  

4 vs 4 Forward 
   Center                   Wing                     Time % Phy DF OF 
 1 Blake Lizotte            Nicholas Paul            55     0   3  2  
 2 Andrew Mangiapane        Zachary Sanford          45     0   3  2  

4 vs 4 Defense
   Defense                  Defense                  Time % Phy DF OF 
 1 Radim Simek              Andrew Peeke             55     1   3  1  
 2 T.J. Brodie              MacKenzie Weegar         45     1   3  1  

Last Minutes Offensive
   Center                   Left Wing                Right Wing               Defense                  Defense                  
   Artem Anisimov           Nicholas Paul            Zachary Sanford          Alexander Edler          MacKenzie Weegar         

Last Minutes Defensive
   Center                   Left Wing                Right Wing               Defense                  Defense                  
   Artem Anisimov           Nicholas Paul            Zachary Sanford          Alexander Edler          MacKenzie Weegar         

Goaltenders
Starting : Devan Dubnyk             
Backup : Thatcher Demko           

Extra Forwards
Normal : Zachary Sanford, Blake Lizotte, Vladimir Sobotka - PP : Nicholas Paul, Blake Lizotte - PK : Vladimir Sobotka
Extra Defensemen
Normal : Radim Simek, Troy Stecher, T.J. Brodie - PP : Radim Simek - PK : Troy Stecher, T.J. Brodie
Penalty Shots
Vladimir Sobotka, Nicholas Paul, Andrew Mangiapane, Zachary Sanford, Alex Galchenyuk
Custom OT Lines Forwards
Artem Anisimov, Nicholas Paul, Andrew Mangiapane, Zachary Sanford, Alex Galchenyuk, Blake Lizotte, Vladimir Sobotka, Ross Colton, Valentin Zykov, Robert Lantosi
Custom OT Lines Defensemen
Alexander Edler, Andrew Peeke, T.J. Brodie, MacKenzie Weegar, Radim Simek

Scratches
Jakub Lauko (Healthy)

PHOENIX MUSTANGS

5 vs 5 Forward 
   Center                   Left Wing                Right Wing               Time % Phy DF OF 
 1 Andrew Copp              Teuvo Teravainen         T.J. Oshie               36     1   2  2  
 2 Kevin Hayes              Clayton Keller           Jesper Fast              31     1   2  2  
 3 Christian Dvorak         Alexander Steen          Jordan Greenway          23     1   2  2  
 4 David Backes             Chris Terry              Teuvo Teravainen         10     1   2  2  

5 vs 5 Defense 
   Defense                  Defense                                           Time % Phy DF OF 
 1 Drew Doughty             Jonas Brodin                                      36     1   2  2  
 2 Jay Bouwmeester          Dennis Cholowski                                  31     1   2  2  
 3 Fredrik Claesson         Joshua Jacobs                                     23     1   2  2  
 4 Drew Doughty             Jonas Brodin                                      10     1   2  2  

PowerPlay Forward 
   Center                   Left Wing                Right Wing               Time % Phy DF OF 
 1 Andrew Copp              Teuvo Teravainen         T.J. Oshie               55     1   2  2  
 2 Kevin Hayes              Clayton Keller           Jesper Fast              45     1   2  2  

PowerPlay Defense
   Defense                  Defense                                           Time % Phy DF OF 
 1 Drew Doughty             Jonas Brodin                                      55     1   2  2  
 2 Jay Bouwmeester          Dennis Cholowski                                  45     1   2  2  

Penalty Kill 4 Players Forward 
   Center                   Wing                     Time % Phy DF OF 
 1 Teuvo Teravainen         T.J. Oshie               55     1   2  2  
 2 Andrew Copp              Kevin Hayes              45     1   2  2  

Penalty Kill 4 Players Defense
   Defense                  Defense                  Time % Phy DF OF 
 1 Drew Doughty             Jonas Brodin             55     1   2  2  
 2 Jay Bouwmeester          Dennis Cholowski         45     1   2  2  

Penalty Kill - 3 Players Forward 
   Forward                                           Time % Phy DF OF 
 1 Teuvo Teravainen                                  55     1   2  2  
 2 T.J. Oshie                                        45     1   2  2  

Penalty Kill - 3 Players Defense
   Defense                  Defense                  Time % Phy DF OF 
 1 Drew Doughty             Jonas Brodin             55     1   2  2  
 2 Jay Bouwmeester          Dennis Cholowski         45     1   2  2  

4 vs 4 Forward 
   Center                   Wing                     Time % Phy DF OF 
 1 Teuvo Teravainen         T.J. Oshie               55     1   2  2  
 2 Andrew Copp              Kevin Hayes              45     1   2  2  

4 vs 4 Defense
   Defense                  Defense                  Time % Phy DF OF 
 1 Drew Doughty             Jonas Brodin             55     1   2  2  
 2 Jay Bouwmeester          Dennis Cholowski         45     1   2  2  

Last Minutes Offensive
   Center                   Left Wing                Right Wing               Defense                  Defense                  
   Andrew Copp              Teuvo Teravainen         T.J. Oshie               Drew Doughty             Jonas Brodin             

Last Minutes Defensive
   Center                   Left Wing                Right Wing               Defense                  Defense                  
   Andrew Copp              Teuvo Teravainen         T.J. Oshie               Drew Doughty             Jonas Brodin             

Goaltenders
Starting : Corey Crawford           
Backup : Joonas Korpisalo         

Extra Forwards
Normal : Nicholas Shore, Christian Dvorak, Alexander Steen - PP : Nicholas Shore, Christian Dvorak - PK : Alexander Steen
Extra Defensemen
Normal : Fredrik Claesson, Joshua Jacobs, Jay Bouwmeester - PP : Fredrik Claesson - PK : Joshua Jacobs, Jay Bouwmeester
Penalty Shots
Teuvo Teravainen, T.J. Oshie, Andrew Copp, Kevin Hayes, Jesper Fast
Custom OT Lines Forwards
Teuvo Teravainen, T.J. Oshie, Andrew Copp, Kevin Hayes, Jesper Fast, Christian Dvorak, Clayton Keller, Alexander Steen, Jordan Greenway, David Backes
Custom OT Lines Defensemen
Drew Doughty, Jonas Brodin, Jay Bouwmeester, Dennis Cholowski, Fredrik Claesson

Scratches
Nicklas Backstrom (Bruised Right Shoulder Injury), Erik Karlsson (Suspend)

% Time on Ice - UTAH ICE BEARS

Lines # - Real PCT - Wanted PCT - Time Play
Normal Forward
1 - 33% - 36% - 14:55
2 - 27% - 31% - 12:05
3 - 37% - 23% - 16:42
4 - 3% - 10% - 1:16
Normal Defense
1 - 27% - 36% - 12:03
2 - 37% - 31% - 16:36
3 - 12% - 23% - 5:20
4 - 24% - 10% - 10:59
PP Forward
1 - 46% - 55% - 2:32
2 - 54% - 45% - 2:57
PP Defense
1 - 40% - 55% - 2:13
2 - 60% - 45% - 3:16
PK Forward
1 - 63% - 55% - 4:44
2 - 37% - 45% - 2:50
PK Defense
1 - 48% - 55% - 3:37
2 - 52% - 45% - 3:57
PK3 Forward
1 - 0% - 55%
2 - 0% - 45%
PK3 Defense
1 - 0% - 55%
2 - 0% - 45%
44 Forward
1 - 86% - 55% - 1:42
2 - 14% - 45% - 0:17
44 Defense
1 - 50% - 55% - 0:59
2 - 50% - 45% - 1:00
Last Minute Offensive  - 0:00
Last Minute Defensive  - 0:00
Total
Forward - 60:00
Defense - 60:00

% Time on Ice - PHOENIX MUSTANGS

Lines # - Real PCT - Wanted PCT - Time Play
Normal Forward
1 - 34% - 36% - 15:16
2 - 30% - 31% - 13:37
3 - 28% - 23% - 12:31
4 - 8% - 10% - 3:34
Normal Defense
1 - 36% - 36% - 16:20
2 - 33% - 31% - 14:37
3 - 25% - 23% - 11:18
4 - 6% - 10% - 2:43
PP Forward
1 - 44% - 55% - 3:18
2 - 56% - 45% - 4:16
PP Defense
1 - 44% - 55% - 3:18
2 - 56% - 45% - 4:16
PK Forward
1 - 63% - 55% - 3:28
2 - 37% - 45% - 2:01
PK Defense
1 - 50% - 55% - 2:43
2 - 50% - 45% - 2:46
PK3 Forward
1 - 0% - 55%
2 - 0% - 45%
PK3 Defense
1 - 0% - 55%
2 - 0% - 45%
44 Forward
1 - 51% - 55% - 1:01
2 - 49% - 45% - 0:58
44 Defense
1 - 59% - 55% - 1:10
2 - 41% - 45% - 0:49
Last Minute Offensive  - 0:00
Last Minute Defensive  - 0:00
Total
Forward - 60:00
Defense - 60:00

Play-by-Play

1st period


0:01 of 1st period - Artem Anisimov wins face-off versus Andrew Copp in neutral zone.
0:25 of 1st period - Icing by Alexander Edler.
0:26 of 1st period - Artem Anisimov wins face-off versus Jesper Fast in UTAH ICE BEARS zone.
0:45 of 1st period - Shot by Nicholas Paul.
0:45 of 1st period - Stopped by Corey Crawford without a rebound.
0:46 of 1st period - Alex Galchenyuk wins face-off versus Alexander Steen in PHOENIX MUSTANGS zone.
1:01 of 1st period - Shot by Christian Dvorak.
1:01 of 1st period - Goal by Christian Dvorak - UTAH ICE BEARS : 0 - PHOENIX MUSTANGS : 1.
1:02 of 1st period - David Backes wins face-off versus Blake Lizotte in neutral zone.
1:07 of 1st period - Andrew Peeke is hit by David Backes and loses puck.
1:31 of 1st period - Drew Doughty is hit by Vladimir Sobotka and loses puck.
2:00 of 1st period - Shot by Jesper Fast.
2:00 of 1st period - Shot Misses the Net.
2:31 of 1st period - Shot by Kevin Hayes.
2:31 of 1st period - Deflect By Clayton Keller.
2:31 of 1st period - Stopped by Devan Dubnyk with a rebound.
2:33 of 1st period - Shot by Jesper Fast.
2:33 of 1st period - Shot Misses the Net.
2:57 of 1st period - Shot by Christian Dvorak.
2:57 of 1st period - Stopped by Devan Dubnyk without a rebound.
2:58 of 1st period - Andrew Copp wins face-off versus Alex Galchenyuk in UTAH ICE BEARS zone.
3:01 of 1st period - Shot by T.J. Oshie.
3:01 of 1st period - Stopped by Devan Dubnyk without a rebound.
3:02 of 1st period - Andrew Copp wins face-off versus Alex Galchenyuk in UTAH ICE BEARS zone.
3:02 of 1st period - Teuvo Teravainen is hit by MacKenzie Weegar and loses puck.
3:13 of 1st period - Shot by Teuvo Teravainen.
3:13 of 1st period - Shot Misses the Net.
3:15 of 1st period - Shot by Andrew Copp.
3:15 of 1st period - Stopped by Devan Dubnyk without a rebound.
3:16 of 1st period - Christian Dvorak wins face-off versus Artem Anisimov in UTAH ICE BEARS zone.
3:29 of 1st period - Shot by Jordan Greenway.
3:29 of 1st period - Shot Misses the Net.
3:31 of 1st period - Shot by Christian Dvorak.
3:31 of 1st period - Stopped by Devan Dubnyk with a rebound.
3:33 of 1st period - Shot by Alexander Steen.
3:33 of 1st period - Stopped by Devan Dubnyk without a rebound.
3:34 of 1st period - Andrew Copp wins face-off versus Andrew Mangiapane in UTAH ICE BEARS zone.
3:59 of 1st period - Shot by Alex Galchenyuk.
3:59 of 1st period - Deflect By Andrew Mangiapane.
3:59 of 1st period - Stopped by Corey Crawford without a rebound.
4:00 of 1st period - Artem Anisimov wins face-off versus Christian Dvorak in PHOENIX MUSTANGS zone.
4:18 of 1st period - Shot by Nicholas Paul.
4:18 of 1st period - Shot Blocked by Alexander Steen.
4:21 of 1st period - Icing by Joshua Jacobs.
4:22 of 1st period - Alex Galchenyuk wins face-off versus Christian Dvorak in PHOENIX MUSTANGS zone.
4:31 of 1st period - Shot by Andrew Mangiapane.
4:31 of 1st period - Shot Misses the Net.
4:34 of 1st period - Icing by Christian Dvorak.
4:35 of 1st period - Christian Dvorak wins face-off versus Artem Anisimov in PHOENIX MUSTANGS zone.
5:55 of 1st period - Shot by Andrew Mangiapane.
5:55 of 1st period - Stopped by Corey Crawford without a rebound.
5:56 of 1st period - Kevin Hayes wins face-off versus Blake Lizotte in PHOENIX MUSTANGS zone.
5:56 of 1st period - Kevin Hayes is hit by Vladimir Sobotka.
6:38 of 1st period - Shot by Clayton Keller.
6:38 of 1st period - Shot Misses the Net.
7:12 of 1st period - Shot by Christian Dvorak.
7:12 of 1st period - Shot Misses the Net.
7:14 of 1st period - Shot by Jordan Greenway.
7:14 of 1st period - Shot Misses the Net.
8:00 of 1st period - Shot by T.J. Oshie.
8:00 of 1st period - Stopped by Devan Dubnyk without a rebound.
8:01 of 1st period - Kevin Hayes wins face-off versus Alex Galchenyuk in UTAH ICE BEARS zone.
8:09 of 1st period - Kevin Hayes is hit by Radim Simek and loses puck.
8:17 of 1st period - Clayton Keller is hit by Alexander Edler and loses puck.
8:30 of 1st period - Shot by Kevin Hayes.
8:30 of 1st period - Stopped by Devan Dubnyk with a rebound.
8:32 of 1st period - Shot by Clayton Keller.
8:32 of 1st period - Stopped by Devan Dubnyk without a rebound.
8:33 of 1st period - Artem Anisimov wins face-off versus Andrew Copp in UTAH ICE BEARS zone.
9:18 of 1st period - Minor Penalty to T.J. Brodie for Interference.
9:19 of 1st period - Alex Galchenyuk wins face-off versus Kevin Hayes in UTAH ICE BEARS zone.
9:41 of 1st period - Shot by Kevin Hayes.
9:41 of 1st period - Shot Misses the Net.
11:22 of 1st period - Icing by Radim Simek.
11:23 of 1st period - Christian Dvorak wins face-off versus Blake Lizotte in UTAH ICE BEARS zone.
11:24 of 1st period - Shot by Jordan Greenway.
11:24 of 1st period - Deflect By Christian Dvorak.
11:24 of 1st period - Shot Misses the Net.
11:59 of 1st period - Shot by Christian Dvorak.
11:59 of 1st period - Shot Blocked by Troy Stecher.
12:29 of 1st period - Shot by Jonas Brodin.
12:29 of 1st period - Shot Blocked by Troy Stecher.
12:35 of 1st period - Shot by Teuvo Teravainen.
12:35 of 1st period - Stopped by Devan Dubnyk without a rebound.
12:36 of 1st period - Artem Anisimov wins face-off versus Kevin Hayes in UTAH ICE BEARS zone.
12:43 of 1st period - Shot by Clayton Keller.
12:43 of 1st period - Shot Blocked by MacKenzie Weegar.
12:47 of 1st period - Shot by Kevin Hayes.
12:47 of 1st period - Shot Misses the Net.
13:09 of 1st period - Shot by Clayton Keller.
13:09 of 1st period - Stopped by Devan Dubnyk without a rebound.
13:10 of 1st period - Alex Galchenyuk wins face-off versus Andrew Copp in UTAH ICE BEARS zone.
13:19 of 1st period - Shot by Teuvo Teravainen.
13:19 of 1st period - Shot Misses the Net.
13:21 of 1st period - Shot by Andrew Copp.
13:21 of 1st period - Stopped by Devan Dubnyk without a rebound.
13:22 of 1st period - Christian Dvorak wins face-off versus Alex Galchenyuk in UTAH ICE BEARS zone.
13:22 of 1st period - Jonas Brodin is hit by MacKenzie Weegar and loses puck.
13:33 of 1st period - Shot by Christian Dvorak.
13:33 of 1st period - Shot Misses the Net.
13:38 of 1st period - Icing by MacKenzie Weegar.
13:39 of 1st period - Andrew Copp wins face-off versus Alex Galchenyuk in UTAH ICE BEARS zone.
15:36 of 1st period - Shot by Alexander Steen.
15:36 of 1st period - Deflect By Christian Dvorak.
15:36 of 1st period - Stopped by Devan Dubnyk without a rebound.
15:37 of 1st period - Blake Lizotte wins face-off versus Chris Terry in UTAH ICE BEARS zone.
15:58 of 1st period - Shot by Blake Lizotte.
15:58 of 1st period - Deflect By Vladimir Sobotka.
15:58 of 1st period - Shot Blocked by Jay Bouwmeester.
16:44 of 1st period - Shot by Alex Galchenyuk.
16:44 of 1st period - Stopped by Corey Crawford with a rebound.
16:46 of 1st period - Shot by T.J. Brodie.
16:46 of 1st period - Stopped by Corey Crawford without a rebound.
16:47 of 1st period - Alex Galchenyuk wins face-off versus Kevin Hayes in PHOENIX MUSTANGS zone.
17:15 of 1st period - Shot by Clayton Keller.
17:15 of 1st period - Stopped by Devan Dubnyk without a rebound.
17:16 of 1st period - Christian Dvorak wins face-off versus Artem Anisimov in UTAH ICE BEARS zone.
18:04 of 1st period - Icing by Christian Dvorak.
18:05 of 1st period - Christian Dvorak wins face-off versus Blake Lizotte in PHOENIX MUSTANGS zone.
18:53 of 1st period - Erik Gudbranson is hit by Drew Doughty and loses puck.
18:58 of 1st period - Shot by Alex Galchenyuk.
18:58 of 1st period - Stopped by Corey Crawford with a rebound.
19:02 of 1st period - Shot by Andrew Mangiapane.
19:02 of 1st period - Goal by Andrew Mangiapane - UTAH ICE BEARS : 1 - PHOENIX MUSTANGS : 1.
19:03 of 1st period - Kevin Hayes wins face-off versus Artem Anisimov in neutral zone.
19:12 of 1st period - Artem Anisimov is hit by Jesper Fast and loses puck.
19:54 of 1st period - Andrew Mangiapane is hit by Jay Bouwmeester and loses puck.
19:57 of 1st period - Shot by Andrew Mangiapane.
19:57 of 1st period - Shot Misses the Net.
19:59 of 1st period - Shot by Andrew Mangiapane.
19:59 of 1st period - Shot Misses the Net.
Goals for this period are 1 for UTAH ICE BEARS vs 1 for PHOENIX MUSTANGS.
Shots for this period are 7 for UTAH ICE BEARS vs 15 for PHOENIX MUSTANGS.

2nd period


0:01 of 2nd period - Andrew Copp wins face-off versus Alex Galchenyuk in neutral zone.
0:11 of 2nd period - Teuvo Teravainen is hit by Zachary Sanford and loses puck.
0:18 of 2nd period - Shot by Teuvo Teravainen.
0:18 of 2nd period - Deflect By T.J. Oshie.
0:18 of 2nd period - Shot Misses the Net.
0:31 of 2nd period - Shot by Andrew Mangiapane.
0:31 of 2nd period - Shot Blocked by Jonas Brodin.
0:54 of 2nd period - Icing by Radim Simek.
0:55 of 2nd period - Kevin Hayes wins face-off versus Alex Galchenyuk in UTAH ICE BEARS zone.
1:05 of 2nd period - Kevin Hayes is hit by Radim Simek and loses puck.
1:33 of 2nd period - Shot by Blake Lizotte.
1:33 of 2nd period - Deflect By Vladimir Sobotka.
1:33 of 2nd period - Shot Misses the Net.
2:32 of 2nd period - Shot by Artem Anisimov.
2:32 of 2nd period - Stopped by Corey Crawford without a rebound.
2:33 of 2nd period - Blake Lizotte wins face-off versus Andrew Copp in PHOENIX MUSTANGS zone.
2:34 of 2nd period - Shot by Troy Stecher.
2:34 of 2nd period - Shot Misses the Net.
3:01 of 2nd period - Shot by Teuvo Teravainen.
3:01 of 2nd period - Shot Blocked by Radim Simek.
3:03 of 2nd period - Shot by Andrew Copp.
3:03 of 2nd period - Stopped by Devan Dubnyk with a rebound.
3:05 of 2nd period - Shot by Jonas Brodin.
3:05 of 2nd period - Shot Misses the Net.
3:11 of 2nd period - Shot by Teuvo Teravainen.
3:11 of 2nd period - Stopped by Devan Dubnyk without a rebound.
3:12 of 2nd period - Christian Dvorak wins face-off versus Artem Anisimov in UTAH ICE BEARS zone.
3:15 of 2nd period - Shot by Jordan Greenway.
3:15 of 2nd period - Deflect By Christian Dvorak.
3:15 of 2nd period - Shot Misses the Net.
3:35 of 2nd period - Shot by Artem Anisimov.
3:35 of 2nd period - Stopped by Corey Crawford without a rebound.
3:36 of 2nd period - Alex Galchenyuk wins face-off versus David Backes in PHOENIX MUSTANGS zone.
3:41 of 2nd period - Shot by Andrew Mangiapane.
3:41 of 2nd period - Stopped by Corey Crawford without a rebound.
3:42 of 2nd period - Alex Galchenyuk wins face-off versus Andrew Copp in PHOENIX MUSTANGS zone.
4:43 of 2nd period - Shot by Clayton Keller.
4:43 of 2nd period - Stopped by Devan Dubnyk without a rebound.
4:44 of 2nd period - Blake Lizotte wins face-off versus Kevin Hayes in UTAH ICE BEARS zone.
4:53 of 2nd period - Shot by Erik Gudbranson.
4:53 of 2nd period - Stopped by Corey Crawford without a rebound.
4:54 of 2nd period - Christian Dvorak wins face-off versus Artem Anisimov in PHOENIX MUSTANGS zone.
5:04 of 2nd period - Shot by Alexander Steen.
5:04 of 2nd period - Stopped by Devan Dubnyk with a rebound.
5:06 of 2nd period - Shot by Jay Bouwmeester.
5:06 of 2nd period - Stopped by Devan Dubnyk without a rebound.
5:07 of 2nd period - Kevin Hayes wins face-off versus Blake Lizotte in UTAH ICE BEARS zone.
5:08 of 2nd period - Shot by Clayton Keller.
5:08 of 2nd period - Deflect By Kevin Hayes.
5:08 of 2nd period - Shot Misses the Net.
5:10 of 2nd period - Shot by Kevin Hayes.
5:10 of 2nd period - Shot Misses the Net.
5:23 of 2nd period - Shot by Clayton Keller.
5:23 of 2nd period - Shot Blocked by MacKenzie Weegar.
5:25 of 2nd period - Shot by Joshua Jacobs.
5:25 of 2nd period - Shot Misses the Net.
5:27 of 2nd period - Shot by Clayton Keller.
5:27 of 2nd period - Stopped by Devan Dubnyk without a rebound.
5:28 of 2nd period - Andrew Copp wins face-off versus Alex Galchenyuk in UTAH ICE BEARS zone.
5:28 of 2nd period - Andrew Copp is hit by Alexander Edler.
5:38 of 2nd period - Shot by T.J. Oshie.
5:38 of 2nd period - Stopped by Devan Dubnyk with a rebound.
5:40 of 2nd period - Shot by T.J. Oshie.
5:40 of 2nd period - Stopped by Devan Dubnyk without a rebound.
5:41 of 2nd period - Christian Dvorak wins face-off versus Artem Anisimov in UTAH ICE BEARS zone.
5:41 of 2nd period - Christian Dvorak is hit by MacKenzie Weegar.
5:48 of 2nd period - Shot by Christian Dvorak.
5:48 of 2nd period - Shot Blocked by T.J. Brodie.
5:50 of 2nd period - Shot by Alexander Steen.
5:50 of 2nd period - Shot Misses the Net.
5:52 of 2nd period - Shot by Alexander Steen.
5:52 of 2nd period - Stopped by Devan Dubnyk without a rebound.
5:53 of 2nd period - Andrew Copp wins face-off versus Alex Galchenyuk in UTAH ICE BEARS zone.
5:54 of 2nd period - Shot by Teuvo Teravainen.
5:54 of 2nd period - Shot Misses the Net.
6:14 of 2nd period - Shot by Andrew Copp.
6:14 of 2nd period - Stopped by Devan Dubnyk without a rebound.
6:15 of 2nd period - Kevin Hayes wins face-off versus Artem Anisimov in UTAH ICE BEARS zone.
6:22 of 2nd period - Shot by Jesper Fast.
6:22 of 2nd period - Shot Misses the Net.
6:30 of 2nd period - Shot by Nicholas Paul.
6:30 of 2nd period - Stopped by Corey Crawford with a rebound.
6:34 of 2nd period - Shot by Zachary Sanford.
6:34 of 2nd period - Stopped by Corey Crawford without a rebound.
6:35 of 2nd period - Alex Galchenyuk wins face-off versus Andrew Copp in PHOENIX MUSTANGS zone.
6:35 of 2nd period - Alexander Edler is hit by Drew Doughty and loses puck.
6:47 of 2nd period - Icing by Andrew Copp.
6:48 of 2nd period - Artem Anisimov wins face-off versus Andrew Copp in PHOENIX MUSTANGS zone.
7:48 of 2nd period - Shot by Alexander Steen.
7:48 of 2nd period - Stopped by Devan Dubnyk with a rebound.
8:51 of 2nd period - Shot by Clayton Keller.
8:51 of 2nd period - Stopped by Devan Dubnyk without a rebound.
8:52 of 2nd period - David Backes wins face-off versus Alex Galchenyuk in UTAH ICE BEARS zone.
9:18 of 2nd period - Minor Penalty to Drew Doughty for Roughing.
9:18 of 2nd period - Minor Penalty to Valentin Zykov for Hooking.
9:19 of 2nd period - Vladimir Sobotka wins face-off versus T.J. Oshie in PHOENIX MUSTANGS zone.
10:32 of 2nd period - Shot by Andrew Copp.
10:32 of 2nd period - Shot Blocked by Andrew Mangiapane.
10:34 of 2nd period - Shot by Andrew Copp.
10:34 of 2nd period - Stopped by Devan Dubnyk without a rebound.
10:35 of 2nd period - Teuvo Teravainen wins face-off versus Alex Galchenyuk in UTAH ICE BEARS zone.
10:46 of 2nd period - Shot by Andrew Mangiapane.
10:46 of 2nd period - Stopped by Corey Crawford without a rebound.
10:47 of 2nd period - Blake Lizotte wins face-off versus Andrew Copp in PHOENIX MUSTANGS zone.
10:48 of 2nd period - Shot by Nicholas Paul.
10:48 of 2nd period - Shot Misses the Net.
11:28 of 2nd period - Icing by Jordan Greenway.
11:29 of 2nd period - Christian Dvorak wins face-off versus Alex Galchenyuk in PHOENIX MUSTANGS zone.
11:40 of 2nd period - Shot by Alexander Steen.
11:40 of 2nd period - Shot Misses the Net.
11:52 of 2nd period - Shot by Christian Dvorak.
11:52 of 2nd period - Deflect By Alexander Steen.
11:52 of 2nd period - Shot Blocked by Alexander Edler.
11:54 of 2nd period - Shot by Christian Dvorak.
11:54 of 2nd period - Shot Misses the Net.
11:59 of 2nd period - Icing by Alexander Edler.
12:00 of 2nd period - Andrew Copp wins face-off versus Alex Galchenyuk in UTAH ICE BEARS zone.
13:23 of 2nd period - Shot by Jesper Fast.
13:23 of 2nd period - Stopped by Devan Dubnyk without a rebound.
13:24 of 2nd period - Christian Dvorak wins face-off versus Artem Anisimov in UTAH ICE BEARS zone.
13:24 of 2nd period - Christian Dvorak is hit by T.J. Brodie.
13:29 of 2nd period - Alexander Steen is hit by MacKenzie Weegar and loses puck.
13:46 of 2nd period - Shot by Alexander Steen.
13:46 of 2nd period - Stopped by Devan Dubnyk with a rebound.
13:47 of 2nd period - Minor Penalty to T.J. Brodie for Tripping.
13:48 of 2nd period - Alex Galchenyuk wins face-off versus Kevin Hayes in UTAH ICE BEARS zone.
14:14 of 2nd period - Icing by Clayton Keller.
14:15 of 2nd period - Kevin Hayes wins face-off versus Andrew Mangiapane in PHOENIX MUSTANGS zone.
15:49 of 2nd period - Shot by Jordan Greenway.
15:49 of 2nd period - Shot Misses the Net.
16:15 of 2nd period - Shot by Christian Dvorak.
16:15 of 2nd period - Stopped by Devan Dubnyk without a rebound.
16:16 of 2nd period - David Backes wins face-off versus Alex Galchenyuk in UTAH ICE BEARS zone.
16:49 of 2nd period - Icing by T.J. Brodie.
16:50 of 2nd period - Kevin Hayes wins face-off versus Alex Galchenyuk in UTAH ICE BEARS zone.
16:57 of 2nd period - Shot by Jesper Fast.
16:57 of 2nd period - Stopped by Devan Dubnyk without a rebound.
16:58 of 2nd period - Zachary Sanford wins face-off versus Kevin Hayes in UTAH ICE BEARS zone.
17:09 of 2nd period - Shot by Artem Anisimov.
17:09 of 2nd period - Stopped by Corey Crawford with a rebound.
17:25 of 2nd period - Alexander Edler is hit by Jesper Fast and loses puck.
19:11 of 2nd period - Shot by T.J. Oshie.
19:11 of 2nd period - Shot Misses the Net.
19:31 of 2nd period - Shot by Kevin Hayes.
19:31 of 2nd period - Shot Blocked by Erik Gudbranson.
19:33 of 2nd period - Shot by Kevin Hayes.
19:33 of 2nd period - Stopped by Devan Dubnyk without a rebound.
19:34 of 2nd period - Alex Galchenyuk wins face-off versus Kevin Hayes in UTAH ICE BEARS zone.
19:36 of 2nd period - T.J. Brodie is hit by Jesper Fast and loses puck.
Goals for this period are 0 for UTAH ICE BEARS vs 0 for PHOENIX MUSTANGS.
Shots for this period are 8 for UTAH ICE BEARS vs 18 for PHOENIX MUSTANGS.

3rd period


0:01 of 3rd period - Andrew Copp wins face-off versus Valentin Zykov in neutral zone.
0:10 of 3rd period - Shot by Teuvo Teravainen.
0:10 of 3rd period - Shot Blocked by Alexander Edler.
0:15 of 3rd period - Icing by Andrew Mangiapane.
0:16 of 3rd period - Kevin Hayes wins face-off versus Alex Galchenyuk in UTAH ICE BEARS zone.
0:29 of 3rd period - Minor Penalty to Joshua Jacobs for Holding Stick.
0:30 of 3rd period - Nicholas Paul wins face-off versus Teuvo Teravainen in PHOENIX MUSTANGS zone.
1:58 of 3rd period - Shot by Andrew Mangiapane.
1:58 of 3rd period - Shot Misses the Net.
2:00 of 3rd period - Shot by Valentin Zykov.
2:00 of 3rd period - Goal by Valentin Zykov - UTAH ICE BEARS : 2 - PHOENIX MUSTANGS : 1.
2:01 of 3rd period - Christian Dvorak wins face-off versus Blake Lizotte in neutral zone.
2:09 of 3rd period - Christian Dvorak is hit by Troy Stecher and loses puck.
2:12 of 3rd period - Shot by Alexander Steen.
2:12 of 3rd period - Shot Misses the Net.
2:14 of 3rd period - Shot by Christian Dvorak.
2:14 of 3rd period - Stopped by Devan Dubnyk without a rebound.
2:15 of 3rd period - Artem Anisimov wins face-off versus Kevin Hayes in UTAH ICE BEARS zone.
2:15 of 3rd period - Artem Anisimov is hit by Kevin Hayes.
2:22 of 3rd period - Minor Penalty to Jonas Brodin for Tripping.
2:23 of 3rd period - Teuvo Teravainen wins face-off versus Alex Galchenyuk in PHOENIX MUSTANGS zone.
3:25 of 3rd period - Icing by Zachary Sanford.
3:26 of 3rd period - Teuvo Teravainen wins face-off versus Blake Lizotte in UTAH ICE BEARS zone.
3:50 of 3rd period - Nicholas Paul is hit by Jay Bouwmeester and loses puck.
4:47 of 3rd period - Shot by Christian Dvorak.
4:47 of 3rd period - Shot Misses the Net.
4:49 of 3rd period - Shot by Alexander Steen.
4:49 of 3rd period - Stopped by Devan Dubnyk without a rebound.
4:50 of 3rd period - Artem Anisimov wins face-off versus Kevin Hayes in UTAH ICE BEARS zone.
4:54 of 3rd period - Zachary Sanford is hit by Joshua Jacobs and loses puck.
5:00 of 3rd period - Artem Anisimov is hit by Joshua Jacobs and loses puck.
5:08 of 3rd period - Zachary Sanford is hit by Fredrik Claesson and loses puck.
5:13 of 3rd period - Shot by Artem Anisimov.
5:13 of 3rd period - Deflect By Nicholas Paul.
5:13 of 3rd period - Stopped by Corey Crawford without a rebound.
5:14 of 3rd period - Alex Galchenyuk wins face-off versus Teuvo Teravainen in PHOENIX MUSTANGS zone.
5:14 of 3rd period - Alex Galchenyuk is hit by Jay Bouwmeester.
5:15 of 3rd period - Minor Penalty to Dennis Cholowski for Roughing.
5:16 of 3rd period - Alex Galchenyuk wins face-off versus Teuvo Teravainen in PHOENIX MUSTANGS zone.
6:20 of 3rd period - Shot by Zachary Sanford.
6:20 of 3rd period - Shot Misses the Net.
7:32 of 3rd period - Icing by Christian Dvorak.
7:33 of 3rd period - Christian Dvorak wins face-off versus Vladimir Sobotka in PHOENIX MUSTANGS zone.
8:00 of 3rd period - Shot by Christian Dvorak.
8:00 of 3rd period - Shot Misses the Net.
8:07 of 3rd period - Icing by Alexander Edler.
8:08 of 3rd period - Blake Lizotte wins face-off versus Andrew Copp in UTAH ICE BEARS zone.
8:08 of 3rd period - Blake Lizotte is hit by T.J. Oshie.
8:26 of 3rd period - Shot by Teuvo Teravainen.
8:26 of 3rd period - Deflect By T.J. Oshie.
8:26 of 3rd period - Shot Misses the Net.
8:28 of 3rd period - Shot by Dennis Cholowski.
8:28 of 3rd period - Goal by Dennis Cholowski - UTAH ICE BEARS : 2 - PHOENIX MUSTANGS : 2.
8:29 of 3rd period - Kevin Hayes wins face-off versus Andrew Mangiapane in neutral zone.
8:32 of 3rd period - Shot by Clayton Keller.
8:32 of 3rd period - Shot Misses the Net.
8:34 of 3rd period - Shot by Kevin Hayes.
8:34 of 3rd period - Deflect By Clayton Keller.
8:34 of 3rd period - Stopped by Devan Dubnyk without a rebound.
8:35 of 3rd period - Andrew Copp wins face-off versus Alex Galchenyuk in UTAH ICE BEARS zone.
10:01 of 3rd period - Icing by Andrew Peeke.
10:02 of 3rd period - Artem Anisimov wins face-off versus Christian Dvorak in UTAH ICE BEARS zone.
11:02 of 3rd period - Off-side.
11:03 of 3rd period - Andrew Copp wins face-off versus Alex Galchenyuk in neutral zone.
11:18 of 3rd period - Shot by Andrew Mangiapane.
11:18 of 3rd period - Stopped by Corey Crawford without a rebound.
11:19 of 3rd period - Kevin Hayes wins face-off versus Blake Lizotte in PHOENIX MUSTANGS zone.
11:25 of 3rd period - Off-side.
11:26 of 3rd period - Valentin Zykov wins face-off versus Andrew Copp in neutral zone.
11:29 of 3rd period - Shot by Andrew Mangiapane.
11:29 of 3rd period - Stopped by Corey Crawford without a rebound.
11:30 of 3rd period - Alex Galchenyuk wins face-off versus Teuvo Teravainen in PHOENIX MUSTANGS zone.
11:53 of 3rd period - Shot by Teuvo Teravainen.
11:53 of 3rd period - Stopped by Devan Dubnyk without a rebound.
11:54 of 3rd period - Kevin Hayes wins face-off versus Zachary Sanford in UTAH ICE BEARS zone.
12:37 of 3rd period - Shot by Jesper Fast.
12:37 of 3rd period - Shot Blocked by T.J. Brodie.
12:39 of 3rd period - Shot by Kevin Hayes.
12:39 of 3rd period - Stopped by Devan Dubnyk with a rebound.
12:50 of 3rd period - Icing by Drew Doughty.
12:51 of 3rd period - Andrew Copp wins face-off versus Alex Galchenyuk in PHOENIX MUSTANGS zone.
12:55 of 3rd period - Icing by Teuvo Teravainen.
12:56 of 3rd period - Alex Galchenyuk wins face-off versus Andrew Copp in PHOENIX MUSTANGS zone.
13:17 of 3rd period - Andrew Copp is hit by Andrew Mangiapane and loses puck.
13:25 of 3rd period - Icing by Andrew Copp.
13:26 of 3rd period - Blake Lizotte wins face-off versus Andrew Copp in PHOENIX MUSTANGS zone.
13:27 of 3rd period - Shot by Vladimir Sobotka.
13:27 of 3rd period - Shot Misses the Net.
13:32 of 3rd period - Off-side.
13:33 of 3rd period - Blake Lizotte wins face-off versus Kevin Hayes in neutral zone.
13:52 of 3rd period - Shot by Clayton Keller.
13:52 of 3rd period - Shot Misses the Net.
14:00 of 3rd period - Shot by Jesper Fast.
14:00 of 3rd period - Shot Misses the Net.
15:09 of 3rd period - Shot by Andrew Copp.
15:09 of 3rd period - Shot Blocked by MacKenzie Weegar.
15:31 of 3rd period - Christian Dvorak is hit by Robert Lantosi and loses puck.
15:35 of 3rd period - Alexander Steen is hit by Vladimir Sobotka and loses puck.
15:37 of 3rd period - Minor Penalty to Robert Lantosi for Tripping.
15:38 of 3rd period - Kevin Hayes wins face-off versus Alex Galchenyuk in UTAH ICE BEARS zone.
15:41 of 3rd period - Shot by Clayton Keller.
15:41 of 3rd period - Shot Misses the Net.
15:43 of 3rd period - Shot by Jesper Fast.
15:43 of 3rd period - Shot Misses the Net.
15:45 of 3rd period - Shot by Clayton Keller.
15:45 of 3rd period - Shot Misses the Net.
16:43 of 3rd period - Shot by Andrew Copp.
16:43 of 3rd period - Shot Misses the Net.
16:45 of 3rd period - Shot by Andrew Copp.
16:45 of 3rd period - Stopped by Devan Dubnyk with a rebound.
17:41 of 3rd period - Shot by Christian Dvorak.
17:41 of 3rd period - Deflect By Alexander Steen.
17:41 of 3rd period - Stopped by Devan Dubnyk without a rebound.
17:42 of 3rd period - Christian Dvorak wins face-off versus Artem Anisimov in UTAH ICE BEARS zone.
17:51 of 3rd period - Shot by Christian Dvorak.
17:51 of 3rd period - Deflect By Jordan Greenway.
17:51 of 3rd period - Goal by Jordan Greenway - UTAH ICE BEARS : 2 - PHOENIX MUSTANGS : 3.
17:52 of 3rd period - Christian Dvorak wins face-off versus Valentin Zykov in neutral zone.
18:22 of 3rd period - Minor Penalty to Valentin Zykov for Hooking.
18:23 of 3rd period - Vladimir Sobotka wins face-off versus Andrew Copp in UTAH ICE BEARS zone.
18:23 of 3rd period - Vladimir Sobotka is hit by Teuvo Teravainen.
18:24 of 3rd period - Vladimir Sobotka from UTAH ICE BEARS is injured at 18:24 of 3rd period (Strained Left Knee).
18:25 of 3rd period - Andrew Copp wins face-off versus Artem Anisimov in UTAH ICE BEARS zone.
Goals for this period are 1 for UTAH ICE BEARS vs 2 for PHOENIX MUSTANGS.
Shots for this period are 4 for UTAH ICE BEARS vs 9 for PHOENIX MUSTANGS.


SCOTT
LAUGHTON
IGOR
SHESTERKIN
ALEX
TUCH

EAST COAST

HOCKEY LEAGUE

  • 9.CHI2QUE6
  • 10.LIM2CHA3
  • 11.LON6TRV4
  • 12.BAL3CHW2
  • 13.MANPIT
  • 14.NHWATL
  • 15.PETWOR
  • 16.RHI